 Dungeon Crawl Stone Soup version 0.31-a0-965-g8a8ce12e04 (webtiles) character file.

Game seed: 11263352770212212851

59 Dordric the Changeling (level 3, -3/28 HPs)
             Began as a Draconian Shapeshifter on Oct 27, 2023.
             Slain by an orc priest
             ... wielding a +0 hand axe
              (7 damage)
             ... on level 2 of the Dungeon.
             The game lasted 00:01:47 (1307 turns).

Dordric the Changeling (Draconian Shapeshifter)     Turns: 1307, Time: 00:01:48

Health: -3/28      AC:  5    Str: 16    XL:     3   Next: 78%
Magic:  3/3        EV: 12    Int: 10    God:
Gold:   65         SH:  0    Dex: 12    Spells: 2/2 levels left

rFire   . .          .
                       - Unarmed
rCold   . . .        (no shield)
rNeg    . . .        (body armour unavailable)
rPois   .            (helmet currently unavailable)
rElec   .            (cloak currently unavailable)
rCorr   .            (gloves currently unavailable)
SInv    .            (boots currently unavailable)
Will    .....        (no amulet)
Stlth   +            (no ring)
HPRegen 0.24/turn    (no ring)
MPRegen 0.08/turn

%: no passive effects
@: beast-form
A: beast (slay +2), AC +5, unfitting armour, cold-blooded
a: Begin Untransformation


You were on level 2 of the Dungeon.
You were a hulking beast.
You visited 1 branch of the dungeon, and saw 2 of its levels.

You collected 65 gold pieces.

Inventory:

Jewellery
 g - a ring of see invisible
Talismans
 b - a beast talisman
 c - a flux talisman
Scrolls
 e - 2 scrolls of enchant armour {unknown}
 f - 2 scrolls of enchant weapon {unknown}
 i - a scroll of revelation {unknown}
 j - a scroll of fog {unknown}
 m - 2 scrolls of identify {unknown}
 n - a scroll of vulnerability {unknown}
Potions
 a - a potion of lignification
 d - 2 potions of brilliance {unknown}
 h - a potion of curing {unknown}
 k - a potion of might {unknown}
 l - a potion of ambrosia {unknown}


   Skills:
 - Level 1.1 Fighting
 - Level 1.7 Dodging
 - Level 3.0 Unarmed Combat
 + Level 4.5 Shapeshifting


You had 2 spell levels left.
You didn't know any spells.
Your spell library was empty.

Dungeon Overview and Level Annotations

Branches:
Dungeon (2/15)

Altars:

Shops:
D:1 =[[?


Innate Abilities, Weirdness & Mutations

You are a hulking beast.
Your limbs bulge with bestial killing power. (Slay +2)
Your plain brown scales are hard. (AC +5)
You cannot fit into any form of body armour.
You are cold-blooded and may be slowed by cold attacks.


Message History

The orc priest is moderately wounded.
The orc priest closely misses you.
You punch the orc priest!
The orc priest is almost dead.
The orc priest mumbles some strange prayers to Beogh against you.
Beogh smites you!
* * * LOW HITPOINT WARNING * * *
You are too injured to fight recklessly!
You are too injured to fight recklessly!
You are too injured to fight recklessly!
You are too injured to fight recklessly!
You are too injured to fight recklessly!
You are too injured to fight recklessly!
You are too injured to fight recklessly!
You are too injured to fight recklessly!
You are too injured to fight recklessly!
You are too injured to fight recklessly!
You are too injured to fight recklessly!
You are too injured to fight recklessly!
You are too injured to fight recklessly!
You are too injured to fight recklessly!
You are too injured to fight recklessly!
You are too injured to fight recklessly!
You are too injured to fight recklessly!
You are too injured to fight recklessly!
You are too injured to fight recklessly!
You are too injured to fight recklessly!
You closely miss the orc priest.
Your tail-slap misses the orc priest.
The orc priest is almost dead.
The orc priest hits you with a +0 hand axe.
* * * LOW HITPOINT WARNING * * *
You barely miss the orc priest.
The orc priest is almost dead.
You hit the orc priest but do no damage.
The orc priest is almost dead.
The orc priest barely misses you.
You closely miss the orc priest.
The orc priest is almost dead.
The orc priest hits you with a +0 hand axe!
You die...

.###.........>....#######..
.# #....†#######.## ⌠$# .#
#.........# #.##.....# .#
##'######.# #.#.......# .#
#.# #.# #.#.#..o#.# .# #.#
#.# #.#.... ..# .# #.# #.#
#.#o.o .o.# .# #.# #.#
#.#.. ....# .# #.######.#
#h#.#...#.# .# #......#.#
#o#.......# .# ##†....#.#
#{......... .# #.....#.#
#####...### .#####.....#.#
#..... ...........#.# #.###
############.# ^# #
#.######## # ## #........#


You could see an orc priest.

Vanquished Creatures
  An adder (D:2)
  A worm (D:2)
  3 dart slugs
  3 orcs (D:2)
  A ball python (D:2)
  3 endoplasms
  3 giant cockroaches
  2 goblins (D:1)
  4 hobgoblins
  3 quokkas (D:1)
  4 bats
  A frilled lizard (D:1)
  4 kobolds (D:1)
  3 rats
36 creatures vanquished.

Notes
Turn   | Place    | Note
-------+----------+-------------------------------------------
     0 | D:1      | Dordric the Draconian Shapeshifter began the quest for the
                  | Orb.
     0 | D:1      | Reached XP level 1. HP: 16/16 MP: 1/1
    57 | D:1      | Found Wemiqigg's Jewellery Shoppe.
   118 | D:1      | Found Duel's Armour Shop.
   172 | D:1      | Found Ureresk's Armour Boutique.
   337 | D:1      | Reached XP level 2. HP: 21/23 MP: 2/2
   442 | D:1      | Found Ycku's Magic Scroll Shoppe.
   861 | D:2      | Reached skill level 4 in Shapeshifting
   914 | D:2      | Reached XP level 3. HP: 21/28 MP: 3/3
  1307 | D:2      | Slain by an orc priest

Illustrated notes

Levels and vault maps discovered:
D:1:      saegor_arrival_fortress, layout_basic, serial_shops, shop, shop,
          nicolae_shop_gibbet_a_chance, shop
D:2:      cheibrodos_pilgrimage, layout_basic, minmay_distorted

Skill      XL: |  1  2 |
---------------+-------+-----
Shapeshifting  | 4 |  4.5
Fighting       | |  1.1
Dodging        | |  1.7
Unarmed Combat | |  3.0

Action                     || total
---------------------------++-------
  Melee: Unarmed           ||    95
         Tailslap          ||    10
         Punch             ||     2
   Stab: Sleeping          ||     1
 Armour: Skin              ||    53
  Dodge: Dodged            ||    50

Table legend: (Time is in decaauts)
 A = Elapsed time spent in this place.
 B = Non-inter-level travel time spent in this place.
 C = Inter-level travel time spent in this place.
 D = Time resting spent in this place.
 E = Time spent auto-exploring this place.
 F = Levels seen in this place.
 G = Mean time per level.
                   A        B        C        D        E       F      G
               +--------+--------+--------+--------+--------+-----+--------+
         Total |   1303 |   1281 |     22 |     61 |   1001 |   2 |  651.5 |
       Dungeon |   1303 |   1281 |     22 |     61 |   1001 |   2 |  651.5 |
               +--------+--------+--------+--------+--------+-----+--------+

Top non-repeatable levels by time:
     D:1: 853 daAuts
     D:2: 449 daAuts
